 Dungeon Crawl Stone Soup version 0.23-a0-419-g0174fd80c1 (webtiles) character file.

205 Naru the Cudgeler (level 5, 0/47 HPs)
             Began as a Draconian Fighter on Nov 14, 2018.
             Succumbed to an adder's poison
             ... on level 2 of the Dungeon.
             The game lasted 00:02:52 (1225 turns).

Naru the Cudgeler (Draconian Fighter)               Turns: 1225, Time: 00:02:53

Health: 0/47       AC:  5    Str: 23    XL:     5   Next: 53%
Magic:  5/5        EV: 10    Int:  9    God:
Gold:   120        SH:  0    Dex: 11    Spells: 4/4 levels left

rFire    . . .     SeeInvis .   a - +0 flail
rCold    . . .     Gourm    .   h - +0 shield
rNeg     . . .     Faith    .   (armour unavailable)
rPois    .         Spirit   .   (helmet restricted)
rElec    .         Reflect  .   (no cloak)
rCorr    .         Harm     .   (no gloves)
MR       .....                  (no boots)
Stlth    +.........             (no amulet)
HPRegen  0.15/turn              (no ring)
MPRegen  0.09/turn              (no ring)

@: confused, mighty, lethally poisoned (0 -> -2)
A: unfitting armour, cold-blooded, AC +5
a: no special abilities


You were on level 2 of the Dungeon.
You were not hungry.

You visited 1 branch of the dungeon, and saw 2 of its levels.

You collected 120 gold pieces.

Inventory:

Hand Weapons
 a - a +0 flail (weapon)
 b - a +0 hunting sling
Missiles
 e - 11 poisoned needles
 f - 72 stones (quivered)
Armour
 h - a +0 shield (worn)
Scrolls
 j - a scroll of magic mapping {unknown}
 k - a scroll of fear {unknown}
 n - a scroll of teleportation {unknown}
 o - a scroll of blinking {unknown}
Potions
 c - a potion of might
 g - a potion of flight {unknown}
 i - a potion of brilliance {unknown}
 l - a potion of cancellation {unknown}
Comestibles
 d - 4 rations
 m - a chunk of flesh


   Skills:
 * Level 4.3 Fighting
 * Level 4.4 Maces & Flails
 - Level 2.6 Dodging
 * Level 4.0 Shields


You had 4 spell levels left.
You didn't know any spells.
Your spell library was empty.

Dungeon Overview and Level Annotations

Branches:
Dungeon (2/15)

Altars:
Trog


Innate Abilities, Weirdness & Mutations

Your plain brown scales are hard. (AC +5)
You cannot fit into any form of body armour.
You are cold-blooded and may be slowed by cold attacks.


Message History

You feel clever.
You have reached level 5!
You feel a bit more experienced. The adder bites you but does no damage.
You're too confused to attack without stumbling around!
You're too confused to attack without stumbling around!
You're too confused to attack without stumbling around!
You're too confused to attack without stumbling around!
You're too confused to attack without stumbling around!
You bump into the rock wall.
The adder bites you.
* * * LOW HITPOINT WARNING * * *
You are lethally poisoned!
The adder poisons you!
You thump the adder!
You kill the adder!
* * * LOW HITPOINT WARNING * * *
You feel sick.
You closely miss the kobold. The kobold closely misses you.
The kobold barely misses you.
You bump into the rock wall.
You die...

..≈≈≈_≈≈≈.....#
#.#.≈≈≈≈≈≈≈...#.#
# #.#≈≈≈≈≈#...#.#
#...≈≈≈##..##.#
#.####.....#
..#......###
#.##...# ##.##
#@# #K# ..# ..=#
..... .###.# ..
#.# .. #.#


You could see a kobold.

Vanquished Creatures
  Sigmund (D:2)
  2 adders (D:2)
  An ooze (D:1)
  2 dart slugs (D:1)
  A leopard gecko (D:1)
  2 ball pythons
  6 bats
  2 giant cockroaches (D:1)
  3 goblins
  4 hobgoblins
  A kobold (D:1)
  3 frilled lizards (D:1)
  A rat (D:2)
29 creatures vanquished.

Notes
Turn   | Place    | Note
-------+----------+-------------------------------------------
     0 | D:1      | Naru the Draconian Fighter began the quest for the Orb.
     0 | D:1      | Reached XP level 1. HP: 19/19 MP: 1/1
   104 | D:1      | Reached XP level 2. HP: 14/26 MP: 2/2
   640 | D:1      | Reached XP level 3. HP: 26/33 MP: 3/3
  1182 | D:2      | Found a bloodstained altar of Trog.
  1205 | D:2      | Noticed Sigmund
  1221 | D:2      | Killed Sigmund
  1221 | D:2      | Reached XP level 4. HP: 3/41 MP: 4/4
  1221 | D:2      | Reached XP level 5. HP: 3/47 MP: 5/5
  1222 | D:2      | HP: 1/47 [adder (2)]
  1225 | D:2      | Succumbed to an adder's poison

Vault maps used:
D:1:      matt_arrival_los_fun
D:2:      hangedman_decor_push, lemuel_altar_in_water2, uniq_sigmund

Skill      XL: |  1  2  3 |
---------------+----------+-----
Fighting       | 4 |  4.3
Maces & Flails | 4 |  4.4
Shields        | 4 |  4.0
Dodging        | |  2.6

Action                   |  1- 3 |  4- 6 || total
-------------------------+-------+-------++-------
Melee: Flail             |   100 |     2 ||   102
       Tailslap          |    14 |       ||    14
  Use: Potion            |     1 |       ||     1
 Stab: Sleeping          |     1 |       ||     1
  Eat: Chunk             |     1 |       ||     1
Armor: Skin              |    36 |     1 ||    37
Dodge: Dodged            |    53 |     2 ||    55
Block: Shield            |    41 |       ||    41

Table legend:
 A = Non-vault XP
 B = Vault XP
 C = Vault XP percentage of total XP
 D = Non-vault monster count
 E = Vault monster count
 F = Vault count percentage of total count
                 A         B        C        D         E       F
            +---------+---------+-------+---------+---------+-------
      Total |      82 |     212 |  72.1 |      28 |       1 |   3.4
            +---------+---------+-------+---------+---------+-------
        D:1 |      47 |       0 |   0.0 |      21 |       0 |   0.0
        D:2 |      35 |     212 |  85.8 |       7 |       1 |  12.5
            +---------+---------+-------+---------+---------+-------
